 Dungeon Crawl Stone Soup version 0.29-a0-297-g7659ce593d (webtiles) character file.

Game seed: 10171423080818289637

26086 epen the Prestidigitator (level 13, -1/99 HPs)
             Began as a Gnoll Artificer on Mar 21, 2022.
             Was an Elder of Cheibriados.
             Slain by a naga
             ... wielding a +0 halberd
              (23 damage)
             ... on level 4 of the Lair of Beasts.
             The game lasted 00:20:36 (12390 turns).

epen the Prestidigitator (Gnoll Artificer)         Turns: 12390, Time: 00:20:38

Health: -1/99      AC: 17    Str: 20    XL:     13   Next: 23%
Magic:  15/25      EV: 18    Int: 20    God:    Cheibriados [****..]
Gold:   1346       SH: 10    Dex: 28    Spells: 28/28 levels left

rFire   . . .      SeeInvis .   M - +8 trident "Dragon's Tongue" {flame, +Blink}
rCold   + + .      Faith    .   E - +2 buckler {rC+}
rNeg    + . .      Spirit   .   y - +4 ring mail "Vymatoth" {rElec rC+ rN+ Str-2}
rPois   .          Reflect  .   K - +2 hat {Will+}
rElec   +          Harm     .   p - +2 cloak
rCorr   .          Rampage  .   (no gloves)
Will    +....                   G - +0 pair of boots
Stlth   ++++......              f - amulet of regeneration
HPRegen 1.06/turn               g - ring of wizardry
MPRegen 0.19/turn               (no ring)

@: lethally poisoned (-1 -> -4), marked, frozen, very slow
A: fangs 1, strong nose, distributed training
a: Renounce Religion, Evoke Blink, Bend Time, Temporal Distortion, Slouch


You were on level 4 of the Lair of Beasts.
You worshipped Cheibriados.
Cheibriados was greatly pleased with you.
You visited 3 branches of the dungeon, and saw 15 of its levels.
You also visited: Ossuary and Ice Cave.

You collected 1346 gold pieces.

Inventory:

Hand Weapons
 a - a +0 club
 u - a +0 hand crossbow
 w - a +0 dagger
 A - a +3 rapier of electrocution
 H - a +1 scimitar of flaming
 M - the +8 trident "Dragon's Tongue" (weapon) {flame, +Blink}
   (You found it on level 3 of the Lair of Beasts)

   It burns those it strikes, dealing additional fire damage.
   +Blink:    It lets you blink.
 Q - a +2 demon whip of venom
Missiles
 B - 6 boomerangs
 C - 7 poisoned darts
 R - 5 javelins
Armour
 b - a +0 leather armour
 l - a +1 ring mail of poison resistance
 o - a +0 cloak
 p - a +2 cloak (worn)
 y - the +4 ring mail "Vymatoth" (worn) {rElec rC+ rN+ Str-2}
   (You found it on level 5 of the Dungeon)

   Str:       It affects your strength (-2).
   rC:        It protects you from cold.
   rElec:     It insulates you from electricity.
   rN:        It protects you from negative energy.
 D - a +0 troll leather armour
 E - a +2 buckler of cold resistance (worn)
 G - a +0 pair of boots (worn)
 J - a +0 helmet
 K - a +2 hat of willpower (worn)
Jewellery
 f - an amulet of regeneration (around neck)
 g - a ring of wizardry (left hand)
 r - an amulet of the acrobat
Wands
 d - a wand of charming (10)
 n - a wand of polymorph (21)
 t - a wand of paralysis (13)
 N - a wand of mindburst (6)
 S - a wand of iceblast (5)
Scrolls
 e - 2 scrolls of blinking
 h - 2 scrolls of fear
 k - 6 scrolls of teleportation
 I - 6 scrolls of identify
Potions
 c - a potion of mutation
 i - 5 potions of haste
 j - 4 potions of brilliance
 m - 5 potions of curing
 q - 4 potions of flight
 s - a potion of attraction
 v - 2 potions of might
 x - 2 potions of heal wounds
 z - 4 potions of lignification
 F - a potion of ambrosia
 L - 2 potions of cancellation {unknown}
 O - 2 potions of berserk rage {unknown}
 P - a potion of experience {unknown}


   Skills:
 + Level 8.5 Fighting
 + Level 8.1 Short Blades
 + Level 8.1 Long Blades
 + Level 8.1 Axes
 + Level 8.1 Maces & Flails
 + Level 8.1 Polearms
 + Level 8.1 Staves
 + Level 8.1 Slings
 + Level 8.1 Bows
 + Level 8.1 Crossbows
 + Level 8.1 Throwing
 + Level 9.4 Armour
 + Level 8.5 Dodging
 + Level 8.5 Stealth
 + Level 8.1 Shields
 + Level 8.1 Unarmed Combat
 + Level 8.1 Spellcasting
 + Level 6.7 Conjurations
 + Level 6.7 Hexes
 + Level 6.7 Summonings
 + Level 6.7 Necromancy
 + Level 6.7 Translocations
 + Level 6.7 Transmutations
 + Level 6.7 Fire Magic
 + Level 6.7 Ice Magic
 + Level 6.7 Air Magic
 + Level 6.7 Earth Magic
 + Level 6.7 Poison Magic
 + Level 8.9 Invocations
 + Level 10.4 Evocations


You had 28 spell levels left.
You didn't know any spells.
Your spell library contained the following spells:

 Spells                   Type           Power      Damage    Failure   Level
 Pain                     Necr           100%       1d9       1%          1
 Slow                     Hex            100%       N/A       1%          1
 Confusing Touch          Hex            35%        N/A       1%          3
 Gell's Gravitas          Tloc           35%        N/A       1%          3
 Lesser Beckoning         Tloc           35%        N/A       1%          3
 Ozocubu's Armour         Ice            35%        N/A       1%          3
 Teleport Other           Tloc           35%        N/A       1%          3
 Tukima's Dance           Hex            35%        N/A       1%          3
 Vampiric Draining        Necr           35%        2d8       1%          3
 Anguish                  Hex/Necr       17%        N/A       4%          4
 Passage of Golubria      Tloc           35%        N/A       4%          4
 Agony                    Necr           35%        N/A       12%         5
 Excruciating Wounds      Necr           17%        N/A       12%         5
 Metabolic Englaciation   Hex/Ice        17%        N/A       12%         5
 Yara's Violent Unravell  Hex/Tmut       17%        3d8       12%         5
 Simulacrum               Ice/Necr       17%        N/A       50%         6
 Enfeeble                 Hex            17%        N/A       96%         7


Dungeon Overview and Level Annotations

Branches:
Dungeon (10/15)            Temple (1/1) D:4            Lair (4/6) D:8
    Orc (0/2) D:10        Ossuary (visited)           IceCv (visited)
  Swamp: Lair:2-4    Shoals: Lair:2-4     Snake: Lair:2-4    Spider: Lair:2-4

Altars:
Ashenzari
Cheibriados
Dithmenos
Elyvilon
Fedhas
Gozag
Hepliaklqana
Makhleb
Nemelex Xobeh
Okawaru
Ru
Sif Muna
Trog
Vehumet
Wu Jian
Xom
Yredelemnul
Lugonu

Annotations:
D:5 3 runed translucent doors, BigAl's ghost, novice GrEE
D:8 2 transporters


Innate Abilities, Weirdness & Mutations

You have very sharp teeth.
Your uncanny sense of smell can sniff out nearby items.
Your experience applies equally to all skills.


Message History

You are encased in ice.
You block the bullfrog's attack.
The merfolk siren chants a haunting song.
You resist with almost no effort. The water moccasin misses you.
You are too injured to fight recklessly!
Activating: Slouch (3% risk of failure)
Press: ? - help, Dir - look around, f - activate You can feel time thicken for a moment.
You kill the water moccasin!
Cheibriados thoroughly appreciates the change of pace.
Cheibriados raises the support of your attributes as your movement slows.
You kill the water moccasin!
Cheibriados thoroughly appreciates the change of pace.
You kill the bullfrog!
Cheibriados thoroughly appreciates the change of pace.
You kill the rime drake!
Cheibriados thoroughly appreciates the change of pace.
Cheibriados lowers the support of your attributes as your movement quickens.
You feel very sick. The cane toad closely misses you.
The komodo dragon barely misses you.
A six-headed hydra comes into view.
The naga spits poison at you. You block the splash of poison.
The naga completely misses you. You block the cane toad's attack.
Activating: Slouch (4% risk of failure)
Press: ? - help, Dir - look around, f - activate You can feel time thicken for a moment.
You kill the cane toad!
Cheibriados appreciates the change of pace.
You kill the naga!
Cheibriados thoroughly appreciates the change of pace.
You kill the merfolk siren!
Cheibriados appreciates the change of pace.
You can no longer step out of the flow of time.
Cheibriados lowers the support of your attributes as your movement quickens.
You feel very sick. The komodo dragon bites you!!
* * * LOW HITPOINT WARNING * * *
The naga hits you from afar with a +0 halberd!!
You die...

##...# ##..P.#.P.
#...####..........# ##
#....##.<.........##.#.
##...###...##.#P........
#....###÷..# ##P........
.......÷...# .........
...........#####........
............#..#.l......
...............N@†......
..............)†.†......
...........#.###.N......
...........### .........
...........# #......D.
...........# #.....)..
............ ...######
........... ...# ....##


You could see a six-headed hydra, a komodo dragon and 2 nagas.

Vanquished Creatures
  Rupert (Lair:3)
  Gastronok (Lair:1)
  Erica (D:9)
  2 two-headed ogres (D:10)
  Amaemon (Lair:3)
  Lodul (D:10)
  4 elephants (Lair:4)
  A black mamba (Lair:4)
  A merfolk siren (Lair:4)
  Psyche (D:9)
  9 cane toads
  An orange demon (Lair:3)
  2 rime drakes
  2 komodo dragons (Lair:4)
  A freezing wraith (IceCv)
  A troll (D:8)
  A polar bear (Lair:3)
  4 hornets
  4 blink frogs (Lair:2)
  3 wyverns
  2 steam dragons
  19 yaks
  Eustachio (D:5)
  3 death yak simulacra (IceCv)
  2 acid dragons
  A naga (Lair:4)
  2 floating eyes (D:10)
  7 water moccasins
  8 orc warriors
  3 black bears
  3 sky beasts
  2 wolves (D:8)
  3 ogres
  4 centaurs
  2 phantoms
  2 kobold brigands
  A necrophage (D:5)
  9 bullfrogs
  A gnoll sergeant (D:10)
  9 scorpions
  3 wights (D:10)
  An elephant simulacrum (IceCv)
  A vampire bat (D:3)
  3 electric eels (D:8)
  2 centaur zombies (Ossuary)
  2 human zombies (Ossuary)
  A jelly (D:5)
  A gnoll shaman (D:8)
  8 hounds
  Crazy Yiuf (D:2)
  5 orc priests
  3 iguanas
  7 orc wizards
  4 scorpion zombies (Ossuary)
  3 mummies (Ossuary)
  9 adders
  13 gnolls
  2 shadow imps (D:6)
  An ufetubus (D:4)
  2 worms
  3 dart slugs
  3 fire bats (D:3)
  29 orcs
  2 spectral bats (D:3)
  16 bats
  3 bat skeletons (D:3)
  A bat zombie (D:3)
  2 endoplasms (D:4)
  3 giant cockroaches
  A gnoll zombie (Ossuary)
  7 goblins
  5 hobgoblins
  3 jackals (D:1)
  18 kobolds
  4 quokkas
  3 ball pythons
  A bat simulacrum (D:3)
  4 frilled lizards
  3 goblin zombies (Ossuary)
  7 hobgoblin zombies (Ossuary)
  3 kobold zombies (Ossuary)
  2 orc zombies (Ossuary)
  5 rats
326 creatures vanquished.

Vanquished Creatures (collateral kills)
  An ogre mage (D:10)
  2 two-headed ogres (D:10)
  A hornet (D:10)
  An ogre (D:10)
  A wight (D:10)
  A kobold (D:4)
7 creatures vanquished.

Vanquished Creatures (others)
  4 two-headed ogres (D:10)
  A hornet (D:10)
  3 yaks (D:6)
  12 fungi
  7 plants
27 creatures vanquished.

Grand Total: 360 creatures vanquished

Notes
Turn   | Place    | Note
-------+----------+-------------------------------------------
     0 | D:1      | epen the Gnoll Artificer began the quest for the Orb.
     0 | D:1      | Reached XP level 1. HP: 17/17 MP: 1/1
   526 | D:1      | Found a faded altar of an unknown god.
   536 | D:1      | Reached XP level 2. HP: 23/23 MP: 2/2
  1025 | D:2      | Reached XP level 3. HP: 20/28 MP: 3/3
  1120 | D:2      | Reached skill level 1 in Invocations
  1317 | D:2      | Found a runed translucent door.
  1318 | D:2      | Noticed Crazy Yiuf
  1373 | D:2      | Reached skill level 1 in Short Blades
  1373 | D:2      | Reached skill level 1 in Long Blades
  1373 | D:2      | Reached skill level 1 in Axes
  1373 | D:2      | Reached skill level 1 in Maces & Flails
  1373 | D:2      | Reached skill level 1 in Polearms
  1373 | D:2      | Reached skill level 1 in Staves
  1373 | D:2      | Reached skill level 1 in Slings
  1373 | D:2      | Reached skill level 1 in Bows
  1373 | D:2      | Reached skill level 1 in Crossbows
  1373 | D:2      | Reached skill level 1 in Throwing
  1373 | D:2      | Reached skill level 1 in Shields
  1373 | D:2      | Reached skill level 1 in Unarmed Combat
  1373 | D:2      | Reached skill level 1 in Spellcasting
  1392 | D:2      | Reached XP level 4. HP: 34/34 MP: 5/5
  1760 | D:2      | Killed Crazy Yiuf
  1761 | D:2      | Reached skill level 1 in Conjurations
  1761 | D:2      | Reached skill level 1 in Hexes
  1761 | D:2      | Reached skill level 1 in Summonings
  1761 | D:2      | Reached skill level 1 in Necromancy
  1761 | D:2      | Reached skill level 1 in Translocations
  1761 | D:2      | Reached skill level 1 in Transmutations
  1761 | D:2      | Reached skill level 1 in Fire Magic
  1761 | D:2      | Reached skill level 1 in Ice Magic
  1761 | D:2      | Reached skill level 1 in Air Magic
  1761 | D:2      | Reached skill level 1 in Earth Magic
  1761 | D:2      | Reached skill level 1 in Poison Magic
  2077 | D:3      | Reached XP level 5. HP: 39/40 MP: 5/7
  2168 | D:3      | Reached XP level 6. HP: 46/47 MP: 8/8
  2293 | D:3      | Found a large runed translucent door.
  2294 | D:3      | Found a large runed translucent door.
  2373 | D:3      | Found a sacrificial altar of Ru.
  2544 | D:3      | Found a shimmering blue altar of Sif Muna.
  2549 | D:3      | Found a sparkling altar of Nemelex Xobeh.
  2621 | D:4      | Reached skill level 5 in Armour
  2636 | D:4      | Found a staircase to the Ecumenical Temple.
  2649 | Temple   | Entered the Ecumenical Temple
  2658 | Temple   | Became a worshipper of Cheibriados the Contemplative
  2712 | D:4      | Reached XP level 7. HP: 52/52 MP: 10/10
  2735 | D:4      | Reached skill level 7 in Evocations
  3219 | D:5      | Entered Level 5 of the Dungeon
  3266 | D:5      | Found a runed translucent gate.
  3266 | D:5      | Found a runed translucent gate.
  3266 | D:5      | Found a runed translucent gate.
  3266 | D:5      | Noticed BigAl's ghost (novice GrEE)
  3320 | D:5      | Reached XP level 8. HP: 60/60 MP: 12/12
  3374 | D:5      | Reached * piety under Cheibriados
  3461 | D:5      | Found a basalt altar of Yredelemnul.
  3489 | D:5      | Identified the +4 ring mail "Vymatoth" {rElec rC+ rN+
                  | Str-2}
  3567 | D:5      | Noticed Eustachio
  3571 | D:5      | Killed Eustachio
  3672 | D:5      | Found a shimmering altar of Xom.
  3673 | D:5      | Found a broken altar of Ashenzari.
  3796 | D:5      | Found an ornate altar of the Wu Jian Council.
  4223 | D:6      | Noticed a yak
  4224 | D:6      | Noticed a yak
  4225 | D:6      | Noticed a yak
  4226 | D:6      | Noticed a yak
  4249 | D:6      | Killed a yak
  4250 | D:6      | Reached XP level 9. HP: 51/66 MP: 14/14
  4637 | D:7      | Found a sand-covered staircase.
  4641 | Ossuary  | Entered an ossuary
  4696 | Ossuary  | Reached ** piety under Cheibriados
  4876 | Ossuary  | Reached skill level 5 in Fighting
  4876 | Ossuary  | Reached skill level 5 in Dodging
  5162 | D:7      | Found a radiant altar of Vehumet.
  5173 | D:7      | Reached skill level 5 in Stealth
  5181 | D:7      | Reached *** piety under Cheibriados
  5182 | D:7      | Reached skill level 8 in Evocations
  5324 | D:7      | Identified the +3 ring mail of Kikubaaqudgha's Envy {Harm
                  | rC- Int+2 Dex+3}
  5431 | D:7      | Reached skill level 5 in Invocations
  5499 | D:7      | Found a white marble altar of Elyvilon.
  5779 | D:8      | Noticed a troll
  5781 | D:8      | Killed a troll
  5782 | D:8      | Reached XP level 10. HP: 74/74 MP: 15/17
  5800 | D:8      | Reached skill level 5 in Short Blades
  5800 | D:8      | Reached skill level 5 in Long Blades
  5800 | D:8      | Reached skill level 5 in Axes
  5800 | D:8      | Reached skill level 5 in Maces & Flails
  5800 | D:8      | Reached skill level 5 in Polearms
  5800 | D:8      | Reached skill level 5 in Staves
  5800 | D:8      | Reached skill level 5 in Slings
  5800 | D:8      | Reached skill level 5 in Bows
  5800 | D:8      | Reached skill level 5 in Crossbows
  5800 | D:8      | Reached skill level 5 in Throwing
  5800 | D:8      | Reached skill level 5 in Shields
  5800 | D:8      | Reached skill level 5 in Unarmed Combat
  5800 | D:8      | Reached skill level 5 in Spellcasting
  5941 | D:8      | Reached **** piety under Cheibriados
  6112 | D:8      | Found a blossoming altar of Fedhas.
  6319 | D:8      | Noticed a brown ugly thing
  6319 | D:8      | Noticed a purple ugly thing
  6319 | D:8      | Noticed a red ugly thing
  6319 | D:8      | Noticed a white ugly thing
  6364 | D:8      | Found a staircase to the Lair.
  6653 | D:8      | Found a transporter.
  6656 | D:8      | Found a corrupted altar of Lugonu.
  6657 | D:8      | Found a transporter.
  6718 | D:8      | Found a shadowy altar of Dithmenos.
  7160 | D:9      | Reached XP level 11. HP: 78/83 MP: 19/19
  7160 | D:9      | Reached ***** piety under Cheibriados
  7236 | D:9      | Noticed Psyche
  7244 | D:9      | Killed Psyche
  7325 | D:9      | Found a bloodstained altar of Trog.
  7335 | D:9      | Reached skill level 9 in Evocations
  7517 | D:9      | Noticed Erica
  7526 | D:9      | Reached skill level 5 in Conjurations
  7526 | D:9      | Reached skill level 5 in Hexes
  7526 | D:9      | Reached skill level 5 in Summonings
  7526 | D:9      | Reached skill level 5 in Necromancy
  7526 | D:9      | Reached skill level 5 in Translocations
  7526 | D:9      | Reached skill level 5 in Transmutations
  7526 | D:9      | Reached skill level 5 in Fire Magic
  7526 | D:9      | Reached skill level 5 in Ice Magic
  7526 | D:9      | Reached skill level 5 in Air Magic
  7526 | D:9      | Reached skill level 5 in Earth Magic
  7526 | D:9      | Reached skill level 5 in Poison Magic
  7526 | D:9      | Killed Erica
  8063 | D:10     | Entered Level 10 of the Dungeon
  8121 | D:10     | Noticed a two-headed ogre
  8125 | D:10     | Noticed a two-headed ogre
  8125 | D:10     | Noticed a two-headed ogre
  8126 | D:10     | Noticed a two-headed ogre
  8126 | D:10     | Noticed Lodul
  8128 | D:10     | Killed a two-headed ogre
  8131 | D:10     | Noticed a two-headed ogre
  8134 | D:10     | Noticed a two-headed ogre
  8136 | D:10     | Killed a two-headed ogre
  8137 | D:10     | Noticed a two-headed ogre
  8146 | D:10     | Killed Lodul
  8147 | D:10     | Killed a two-headed ogre
  8211 | D:10     | Found a staircase to the Orcish Mines.
  8273 | D:10     | Found a burning altar of Makhleb.
  8614 | D:10     | Noticed a two-headed ogre
  8623 | D:10     | Reached XP level 12. HP: 84/91 MP: 22/22
  8628 | D:10     | Killed a two-headed ogre
  8873 | D:10     | Paralysed by a floating eye for 3 turns
  8880 | D:10     | Noticed an ogre mage
  8888 | D:10     | Paralysed by a floating eye for 3 turns
  8889 | D:10     | Killed an ogre mage
  8899 | D:10     | Paralysed by a hornet for 1 turns
  9229 | Lair:1   | Entered Level 1 of the Lair of Beasts
  9321 | Lair:1   | Identified the +4 hunting sling of Vubeg {speed, rN+ Str+2}
  9545 | Lair:1   | Noticed Gastronok
  9564 | Lair:1   | Killed Gastronok
 10127 | Lair:2   | Found a frozen archway.
 10136 | IceCv    | Entered an ice cave
 10284 | IceCv    | Identified the +2 rapier of Fetaut {drain, rElec rPois
                  | Int+2 Stlth+}
 10301 | IceCv    | Reached skill level 10 in Evocations
 10343 | Lair:2   | Found a gate leading to a gauntlet.
 11381 | Lair:3   | Noticed Amaemon
 11446 | Lair:3   | Killed Amaemon
 11528 | Lair:3   | Noticed Rupert
 11529 | Lair:3   | Paralysed by Rupert for 2 turns
 11538 | Lair:3   | Killed Rupert
 11602 | Lair:3   | Identified the +8 trident "Dragon's Tongue" {flame, +Blink}
 11682 | Lair:3   | Reached XP level 13. HP: 98/98 MP: 24/24
 12390 | Lair:4   | Slain by a naga

Illustrated notes

Levels and vault maps discovered:
D:1:      lemuel_arrival_hallway, layout_basic,
          shapermc_ecumenical_altar_totnotflames
D:2:      layout_loops_ring, uniq_crazy_yiuf_cottage
D:3:      layout_basic, jmf_multi_god_temple2, nicolae_overflow_crystal_walls,
          goddamned_bats
D:4:      layout_basic, minmay_temple_entry_wispy
D:5:      layout_loops_corners, gammafunk_temple_overflow_statue,
          mainiacjoe_overflow_tiny_flanked, pdpol_wu_jian_five_deadly_venoms,
          gammafunk_ghost_necromancy, nicolae_figureground_pulse, uniq_eustachio
D:6:      layout_rooms, dk_noncrumbling_3
D:7:      layout_basic, elyvilon_altar_4, nicolae_vehumet_radiance,
          enter_ossuary_5, hangedman_abyss_or_decor_jellyfish_corner
D:8:      gammafunk_corrupted_shrine, layout_layer_cave, fedhas_altar_3,
          grunt_dithmenos_shadows, erik_lair_island,
          kennysheep_decorative_pillar
D:9:      layout_loops_corners, trog_ov_bears_minmay, uniq_psyche, uniq_erica
D:10:     hellmonk_paralyzer, layout_basic, mainiacjoe_overflow_boulevard,
          orc_david_3, nicolae_twisting_strands, hangedman_glass_garden,
          minmay_misc_feat_nine_boxes, chequers_serial_rivers_room_a, uniq_lodul
Temple:   compressed_dpeg_triangle_lava_temple
Lair:1:   layout_cave_pods, uniq_gastronok
Lair:2:   layout_layer_cave, portal_ice_cave_entry_pillars_1,
          gauntlet_entry_generic, chequers_serial_rivers_small_a,
          grunt_megastairs_1, lemuel_fruit_tree
Lair:3:   layout_roguey, st_stairs_9, nicolae_quartered_pool_medium,
          uniq_amaemon, uniq_rupert
Lair:4:   layout_small_grid, minmay_shoals_entry_lonely_mermaid,
          guppyfry_snake_entry_island

Skill      XL: |  1  2  3  4  5  6  7  8  9 10 11 12 13 |
---------------+----------------------------------------+-----
Invocations    | 1 2 3 4 5 6 7 8 |  8.9
Short Blades   | 1 2 3 4 5 6 7 8 |  8.1
Long Blades    | 1 2 3 4 5 6 7 8 |  8.1
Axes           | 1 2 3 4 5 6 7 8 |  8.1
Maces & Flails | 1 2 3 4 5 6 7 8 |  8.1
Polearms       | 1 2 3 4 5 6 7 8 |  8.1
Staves         | 1 2 3 4 5 6 7 8 |  8.1
Slings         | 1 2 3 4 5 6 7 8 |  8.1
Bows           | 1 2 3 4 5 6 7 8 |  8.1
Crossbows      | 1 2 3 4 5 6 7 8 |  8.1
Throwing       | 1 2 3 4 5 6 7 8 |  8.1
Shields        | 1 2 3 4 5 6 7 8 |  8.1
Unarmed Combat | 1 2 3 4 5 6 7 8 |  8.1
Spellcasting   | 1 2 3 4 5 6 7 8 |  8.1
Conjurations   | 1 2 3 4 5 6 |  6.7
Hexes          | 1 2 3 4 5 6 |  6.7
Summonings     | 1 2 3 4 5 6 |  6.7
Necromancy     | 1 2 3 4 5 6 |  6.7
Translocations | 1 2 3 4 5 6 |  6.7
Transmutations | 1 2 3 4 5 6 |  6.7
Fire Magic     | 1 2 3 4 5 6 |  6.7
Ice Magic      | 1 2 3 4 5 6 |  6.7
Air Magic      | 1 2 3 4 5 6 |  6.7
Earth Magic    | 1 2 3 4 5 6 |  6.7
Poison Magic   | 1 2 3 4 5 6 |  6.7
Fighting       | 3 4 5 6 7 8 |  8.5
Dodging        | 3 4 5 6 7 8 |  8.5
Stealth        | 3 4 5 6 7 8 |  8.5
Armour         | 5 6 7 8 9 |  9.4
Evocations     | 7 8 9 10 | 10.4

Action                   |  1- 3 |  4- 6 |  7- 9 | 10-12 | 13-15 || total
-------------------------+-------+-------+-------+-------+-------++-------
Melee: Club              |   157 |   248 |       |       |       ||   405
       Bite              |    14 |    34 |    40 |    77 |    16 ||   181
       Punch             |     1 |     6 |    13 |    14 |       ||    34
       Rapier            |       |       |   267 |   448 |       ||   715
       Trident           |       |       |       |     4 |    81 ||    85
 Fire: Hand crossbow     |       |       |   107 |       |       ||   107
Invok: Slouch            |       |       |       |     4 |     2 ||     6
Evoke: Wand              |    10 |    10 |    16 |    46 |       ||    82
  Use: Potion            |     2 |       |       |     6 |       ||     8
       Scroll            |       |       |    19 |     6 |       ||    25
 Stab: Sleeping          |     3 |     3 |     2 |    12 |       ||    20
       Distracted        |       |       |     1 |     1 |       ||     2
       Invisible         |       |       |       |     3 |       ||     3
       Paralysed         |       |       |       |     2 |       ||     2
Armor: Leather armour    |    27 |       |       |       |       ||    27
       Ring mail         |    37 |   333 |   191 |   148 |    43 ||   752
Dodge: Dodged            |   138 |   381 |   252 |   332 |    90 ||  1193
Block: Buckler           |       |       |       |    37 |    63 ||   100

Table legend: (Time is in decaauts)
 A = Elapsed time spent in this place.
 B = Non-inter-level travel time spent in this place.
 C = Inter-level travel time spent in this place.
 D = Time resting spent in this place.
 E = Time spent auto-exploring this place.
 F = Levels seen in this place.
 G = Mean time per level.
                   A        B        C        D        E       F      G
               +--------+--------+--------+--------+--------+-----+--------+
         Total |  17892 |  17175 |    717 |    410 |  13126 |  17 | 1052.5 |
       Dungeon |  12114 |  11594 |    520 |    142 |   8996 |  10 | 1211.4 |
        Temple |     18 |     11 |      7 |      0 |      1 |   1 |   18.0 |
          Lair |   5005 |   4816 |    189 |    178 |   3905 |   4 | 1251.2 |
       Ossuary |    500 |    500 |      0 |      0 |    223 |   1 |  500.0 |
      Ice Cave |    253 |    253 |      0 |     90 |      0 |   1 |  253.0 |
               +--------+--------+--------+--------+--------+-----+--------+

Top non-repeatable levels by time:
     D:9: 1955 daAuts
     D:8: 1909 daAuts
  Lair:2: 1892 daAuts
    D:10: 1813 daAuts
  Lair:1: 1432 daAuts
  Lair:3: 1269 daAuts
     D:5: 1181 daAuts
     D:7: 1175 daAuts
     D:1: 1017 daAuts
     D:2: 846 daAuts
     D:3: 806 daAuts
     D:4: 791 daAuts
     D:6: 617 daAuts
 Ossuary: 500 daAuts
  Lair:4: 411 daAuts
